 Dungeon Crawl Stone Soup version 0.25-a0-1024-gbfbf38f2cb (webtiles) character file.

Game seed: 16089681262811608120, levelgen mode: deterministic

306 Gwenloh the Stinger (level 6, -3/52 HPs)
             Began as a Naga Venom Mage on May 12, 2020.
             Was an Initiate of Cheibriados.
             Slain by an ogre
             ... wielding a +0 giant club
              (28 damage)
             ... on level 3 of the Dungeon.
             The game lasted 00:29:24 (4970 turns).

Gwenloh the Stinger (Naga Venom Mage)               Turns: 4970, Time: 00:29:25

Health: -3/52      AC:  5    Str: 11    XL:     6   Next: 39%
Magic:  1/10       EV: 10    Int: 19    God:    Cheibriados [......]
Gold:   199        SH:  0    Dex: 12    Spells: 1/10 levels left

rFire    + . .     SeeInvis +   w - +2 whip (elec)
rCold    . . .     Gourm    .   (no shield)
rNeg     . . .     Faith    .   j - +0 robe (curse)
rPois    +         Spirit   .   (no helmet)
rElec    .         Reflect  .   u - +0 cloak {+Inv}
rCorr    .         Harm     .   (no gloves)
MR       .....                  (no barding)
Stlth    ++........             (no amulet)
HPRegen  0.17/turn              l - ring of protection from fire
MPRegen  0.12/turn              m - +1 ring of protection

@: short of breath, very slightly contaminated, very slow
A: large, see invisible, deformed body, poison resistance, slowness 2, slow
metabolism 1, spit poison 1, AC +2
a: Spit Poison, Bend Time, Renounce Religion, Evoke Invisibility


You were on level 3 of the Dungeon.
You worshipped Cheibriados.
Cheibriados was noncommittal.
You were not hungry.

You visited 2 branches of the dungeon, and saw 6 of its levels.

You collected 199 gold pieces.

Inventory:

Hand Weapons
 e - a +0 spear
 w - a +2 whip of electrocution (weapon)
Missiles
 h - 113 stones (quivered)
Armour
 a - a +0 robe
 g - a +0 leather armour
 j - a cursed +0 robe (worn)
 t - a +0 buckler
 u - a +0 cloak of invisibility (worn)
Magical Staves
 k - an uncursed staff of conjuration {unknown}
Jewellery
 l - a ring of protection from fire (left hand)
 m - a +1 ring of protection (right hand)
 q - an uncursed amulet of guardian spirit
Scrolls
 b - a scroll of fog
 d - a scroll of blinking
 f - a scroll of teleportation
 s - 2 scrolls of enchant armour {unknown}
 v - a scroll of enchant weapon {unknown}
Potions
 i - a potion of berserk rage {unknown}
 n - a potion of stabbing {unknown}
 o - a potion of lignification {unknown}
 p - a potion of degeneration {unknown}
 r - a potion of heal wounds {unknown}
Comestibles
 c - 4 rations
 x - a chunk of flesh


   Skills:
 + Level 2.2 Fighting
 + Level 2.4 Dodging
 - Level 3.0 Stealth
 + Level 2.9 Spellcasting
 + Level 1.1 Conjurations
 - Level 1.0 Transmutations
 + Level 2.4 Air Magic
 * Level 6.0 Poison Magic
 + Level 0.0 Invocations


You had one spell level left.
You knew the following spells:

 Your Spells              Type           Power        Failure   Level  Hunger
a - Sting                 Tmut/Pois      ###.         3%          1    None
b - Poisonous Vapours     Pois/Air       ###...       4%          2    ##.....
c - Mephitic Cloud        Conj/Pois/Air  ##......     12%         3    ###....
d - Ignite Poison         Fire/Tmut/Pois ##......     19%         3    ###....

Your spell library contained the following spells:

 Spells                   Type           Power        Failure   Level  Hunger
 Olgreb's Toxic Radiance  Pois           ####....     13%         4    ####...


Dungeon Overview and Level Annotations

Branches:
Dungeon (5/15)             Temple (1/1) D:4

Altars:
Ashenzari
Cheibriados
Dithmenos
Elyvilon
Fedhas
Gozag
Hepliaklqana
Kikubaaqudgha
Makhleb
Nemelex Xobeh
Okawaru
Qazlal
Sif Muna
Trog
Vehumet
Wu Jian
Xom
Yredelemnul
Zin
The Shining One


Innate Abilities, Weirdness & Mutations

You cannot wear boots.
Your serpentine skin is tough. (AC +2)
You have supernaturally acute eyesight. (SInv)
Armour fits poorly on your strangely shaped body.
Your system is resistant to poisons. (rPois)
You cover ground very slowly.
You have a slow metabolism.
You can spit poison.


Message History

The sting hits the ogre.
The ogre is poisoned.
The ogre is moderately wounded.
The ogre closely misses you.
Casting: Sting (safe; 3% risk of failure)
Confirm with . or Enter, or press ? or * to list all spells.
You miscast Ignite Poison.
You feel rather nauseous for a moment. You resist. The ogre barely misses you.
Press: ? - help, Shift-Dir - straight line, f/p - ogre
Aim: an ogre, wielding a +0 giant club (moderately wounded, poisoned)
You fail to use your ability.
Press: ? - help, Shift-Dir - straight line, f/p - ogre
Aim: an ogre, wielding a +0 giant club (moderately wounded, poisoned)
The splash of poison misses the ogre.
You feel slightly more hungry.
The ogre hits you with a +0 giant club!!
Ouch! That really hurt!
You hit the ogre.
The ogre is heavily wounded.
The ogre hits you with a +0 giant club!!
Ouch! That really hurt!
You die...

#...# ### ####...#### ..#
###############.........#
#.###.......................#
............#######.........#
..###.#####.# #######...####
..###.#####.####.........########
.................#####...(.......
..###...........@######.#######..
..# #.#####.....O...# #.# #.# .##
#...###......##.# #.# #.# )#
##.....#......##.# #.# #.#
.###...##.#....#.##.###.#######.#
.....#.##....###.##...........#.#
####...##.##.# #.###.########.#.#
##...>.##.###.# #.# ##.#.#
#..#<####.#...# #.# ##....#


You could see an ogre (poisoned).

Vanquished Creatures
  A howler monkey (D:3)
  Crazy Yiuf (D:2)
  2 orc wizards (D:3)
  3 gnolls (D:2)
  7 adders
  2 worms (D:2)
  A dart slug (D:2)
  6 leopard geckos
  6 orcs (D:3)
  3 giant cockroaches
  8 goblins
  11 hobgoblins
  A jackal (D:1)
  A quokka (D:4)
  A ball python skeleton (D:4)
  A bat (D:2)
  6 frilled lizards
  8 kobolds
  11 rats
80 creatures vanquished.

Notes
Turn   | Place    | Note
-------+----------+-------------------------------------------
     0 | D:1      | Gwenloh the Naga Venom Mage began the quest for the Orb.
     0 | D:1      | Reached XP level 1. HP: 15/15 MP: 3/3
   158 | D:1      | Reached XP level 2. HP: 24/24 MP: 1/5
   200 | D:1      | Learned a level 2 spell: Poisonous Vapours
   786 | D:1      | Reached XP level 3. HP: 30/30 MP: 3/6
   820 | D:1      | Learned a level 3 spell: Mephitic Cloud
   882 | D:1      | Reached skill level 1 in Air Magic
  1309 | D:2      | Found a runed translucent door.
  1310 | D:2      | Noticed Crazy Yiuf
  1471 | D:2      | Reached skill level 1 in Fighting
  1830 | D:2      | Reached XP level 4. HP: 30/38 MP: 1/7
  1831 | D:2      | Reached skill level 5 in Poison Magic
  2131 | D:2      | You fall into a shaft and drop 1 floor!
  2537 | D:3      | Found a hazy altar of Hepliaklqana.
  2539 | D:3      | Found a shimmering altar of Xom.
  2540 | D:3      | Noticed a spectral ugly thing
  2578 | D:3      | Reached XP level 5. HP: 43/44 MP: 5/8
  2583 | D:3      | Learned a level 3 spell: Ignite Poison
  2970 | D:2      | Found an opulent altar of Gozag.
  2973 | D:2      | Found a shimmering blue altar of Sif Muna.
  2976 | D:2      | Found a snail-covered altar of Cheibriados.
  2980 | D:2      | Became a worshipper of Cheibriados the Contemplative
  3420 | D:2      | Killed Crazy Yiuf
  3828 | D:3      | Reached XP level 6. HP: 52/52 MP: 2/10
  3986 | D:3      | Reached skill level 1 in Conjurations
  4068 | D:3      | Found a glowing silver altar of Zin.
  4070 | D:3      | Found a burning altar of Makhleb.
  4072 | D:3      | Noticed an angel
  4072 | D:3      | Noticed a cacodemon
  4421 | D:4      | Reached skill level 6 in Poison Magic
  4427 | D:5      | Entered Level 5 of the Dungeon
  4556 | D:4      | Found a staircase to the Ecumenical Temple.
  4564 | Temple   | Entered the Ecumenical Temple
  4813 | D:4      | Found a snail-covered altar of Cheibriados.
  4970 | D:3      | Slain by an ogre

Illustrated notes

Levels and vault maps discovered:
D:1:      shiori_shiawase, layout_loops_corners, st_stairs_12
D:2:      layout_loops_ring, grunt_temple_overflow_diamond, minmay_pentomino_t2,
          uniq_crazy_yiuf_cottage
D:3:      layout_loops_ring, grunt_temple_overflow_order_and_chaos_2,
          regret_index_temple_of_mockery
D:4:      layout_loops_ring, minmay_temple_entry_wispy, first_ration,
          cheibriados_altar_1
D:5:      layout_loops_cross, uniq_duvessa
Temple:   nicolae_temple_figure_eight

Skill      XL: |  1  2  3  4  5  6 |
---------------+-------------------+-----
Air Magic      | 1 2 |  2.4
Fighting       | 1 2 |  2.2
Poison Magic   | 5 6 |  6.0
Dodging        | 2 |  2.4
Conjurations   | 1 |  1.1
Stealth        | |  3.0
Spellcasting   | |  2.9
Transmutations | |  1.0

Action                   |  1- 3 |  4- 6 || total
-------------------------+-------+-------++-------
Melee: Spear             |    30 |    24 ||    54
       Whip              |       |     8 ||     8
       Unarmed           |       |     1 ||     1
Throw: Stone             |     2 |     7 ||     9
 Cast: Sting             |     8 |     9 ||    17
       Poisonous Vapours |    23 |    32 ||    55
       Mephitic Cloud    |     1 |     1 ||     2
       Ignite Poison     |       |     4 ||     4
 Abil: Spit Poison       |    17 |    17 ||    34
  Use: Scroll            |       |     6 ||     6
  Eat: Chunk             |     5 |    10 ||    15
       Ration            |       |     1 ||     1
Armor: Robe              |     5 |     5 ||    10
Dodge: Dodged            |    21 |    24 ||    45

Table legend:
 A = Non-vault XP
 B = Vault XP
 C = Vault XP percentage of total XP
 D = Non-vault monster count
 E = Vault monster count
 F = Vault count percentage of total count
                 A         B        C        D         E       F
            +---------+---------+-------+---------+---------+-------
      Total |     389 |      49 |  11.2 |      76 |       4 |   5.0
            +---------+---------+-------+---------+---------+-------
        D:1 |      45 |       2 |   4.3 |      26 |       1 |   3.7
        D:2 |     138 |      47 |  25.4 |      27 |       3 |  10.0
        D:3 |     203 |       0 |   0.0 |      21 |       0 |   0.0
        D:4 |       3 |       0 |   0.0 |       2 |       0 |   0.0
            +---------+---------+-------+---------+---------+-------
